General information
- name: BNet
- type: Ladder team game (AT/RT)
- host: Battle.net
- saver: dogsandhorse.ru
map: SilverpineForest
- players: 6
- length: 39:06
- speed: Fast
- version: 1.26 W3XP
- replay type:

» download(280 KB)
Players
team 1 (loser)
Cenora (
purple | 41 APM | 1588 actions | 39:04)
5 Blademaster
3 Wind Walk
2 Critical Strike
» actions
| Assign group hotkey | 29 | |
| Basic commands | 9 | |
| Build / train | 92 | |
| Enter build submenu | 24 | |
| Enter hero's abilities submenu | 4 | |
| Remove unit from queue | 1 | |
| Right click | 675 | |
| Select / deselect | 472 | |
| Select group hotkey | 164 | |
| Use ability | 118 | |
1588 total
» units
| Peon | 15 | |
| Grunt | 15 | |
| Demolisher | 6 | |
| Wind Rider | 16 | |
| Raider | 4 | |
| Troll Witch Doctor | 9 | |
| Spirit Walker | 1 | |
66 total
» upgrades
| Armor | 3 | |
| Melee Weapons | 1 | |
| Berserker Strength | 1 | |
| Burning Oil | 1 | |
| Envenomed Spears | 1 | |
| Ensnare | 1 | |
| Witch Doctor Training | 2 | |
| Ranged Weapons | 1 | |
11 total
» buildings
| Altar of Storms | 1 | |
| Orc Burrow | 9 | |
| Voodoo Lounge | 1 | |
| Barracks | 2 | |
| War Mill | 1 | |
| Stronghold | 1 | |
| Fortress | 1 | |
| Great Hall | 1 | |
| Beastiary | 3 | |
| Spirit Lodge | 3 | |
23 total
» build order
00:06 Altar of Storms
00:14 Orc Burrow
00:50 Voodoo Lounge
01:42 Barracks
02:14 Barracks
02:45 Orc Burrow
03:30 Orc Burrow
04:23 War Mill
05:02 Orc Burrow
05:32 Stronghold
06:04 Orc Burrow
07:06 Orc Burrow
09:01 Fortress
10:12 Orc Burrow
14:18 Great Hall
14:25 Beastiary
14:29 Beastiary
21:23 Spirit Lodge
21:28 Spirit Lodge
22:27 Spirit Lodge
24:10 Orc Burrow
26:29 Orc Burrow
38:24 Beastiary
» items
| Healing Salve | 3 | |
| Lesser Clarity Potion | 2 | |
| Potion of Healing | 1 | |
6 total
kywy (
yellow | 45 APM | 1742 actions | 38:53)
3 Mountain King
2 Storm Bolt
1 Bash
» actions
| Assign group hotkey | 23 | |
| Build / train | 131 | |
| ESC pressed | 5 | |
| Enter build submenu | 43 | |
| Enter hero's abilities submenu | 3 | |
| Give item / drop item | 2 | |
| Remove unit from queue | 7 | |
| Right click | 713 | |
| Select / deselect | 477 | |
| Select group hotkey | 261 | |
| Use ability | 77 | |
1742 total
» units
| Peasant | 26 | |
| Footman | 31 | |
| Spell Breaker | -1 | |
| Siege Engine | 29 | |
85 total
» upgrades
| Masonry | 3 | |
| Lumber Harvesting | 2 | |
| Defend | 1 | |
| Magic Sentry | 1 | |
| Gunpowder | 3 | |
| Plating | 3 | |
| Barrage | 1 | |
14 total
» buildings
| Barracks | 1 | |
| Farm | 13 | |
| Altar of Kings | 1 | |
| Scout Tower | 17 | |
| Lumber Mill | 1 | |
| Guard Tower | 13 | |
| Keep | 1 | |
| Arcane Vault | 1 | |
| Town Hall | 1 | |
| Castle | 1 | |
| Arcane Sanctum | 1 | |
| Blacksmith | 1 | |
| Workshop | 3 | |
55 total
» build order
00:07 Barracks
00:12 Farm
00:26 Altar of Kings
00:44 Farm
01:34 Farm
02:13 Farm
03:55 Scout Tower
04:17 Scout Tower
05:56 Lumber Mill
06:31 Guard Tower
06:43 Keep
07:06 Arcane Vault
07:59 Scout Tower
08:00 Scout Tower
08:02 Scout Tower
08:46 Guard Tower
09:16 Guard Tower
09:42 Guard Tower
09:45 Scout Tower
10:24 Guard Tower
10:28 Scout Tower
11:33 Town Hall
11:36 Guard Tower
13:46 Castle
13:54 Farm
14:23 Scout Tower
14:24 Scout Tower
14:25 Scout Tower
14:37 Farm
15:06 Guard Tower
15:13 Arcane Sanctum
15:53 Guard Tower
16:14 Scout Tower
16:15 Scout Tower
16:15 Scout Tower
16:18 Farm
16:29 Blacksmith
17:07 Farm
17:11 Guard Tower
17:15 Guard Tower
17:47 Guard Tower
19:07 Workshop
20:15 Farm
20:20 Farm
22:20 Workshop
23:19 Workshop
24:40 Farm
24:55 Farm
25:50 Farm
28:59 Scout Tower
28:59 Scout Tower
30:06 Guard Tower
30:17 Scout Tower
30:17 Scout Tower
35:44 Guard Tower
» items
| Scroll of Regeneration | 2 | |
| Potion of Healing | 2 | |
| Scroll of Town Portal | 1 | |
| Potion of Mana | 1 | |
6 total
Psycho_O (
pink | 91 APM | 3555 actions | 38:54)
4 Blademaster
2 Wind Walk
2 Critical Strike
1 Shadow Hunter
1 Hex
» actions
| Assign group hotkey | 82 | |
| Basic commands | 2 | |
| Build / train | 98 | |
| ESC pressed | 3 | |
| Enter build submenu | 22 | |
| Enter hero's abilities submenu | 5 | |
| Remove unit from queue | 2 | |
| Right click | 2026 | |
| Select / deselect | 532 | |
| Select group hotkey | 672 | |
| Use ability | 111 | |
3555 total
» units
| Peon | 15 | |
| Troll Batrider | 16 | |
| Wind Rider | 1 | |
| Tauren | 11 | |
| Spirit Walker | 10 | |
| Raider | 3 | |
56 total
» upgrades
| Armor | 2 | |
| Liquid Fire | 1 | |
| Ranged Weapons | 2 | |
| Spirit Walker Training | 2 | |
| Reinforced Defenses | 1 | |
| Melee Weapons | 1 | |
| Ensnare | 1 | |
10 total
» buildings
| Altar of Storms | 1 | |
| Orc Burrow | 8 | |
| Voodoo Lounge | 1 | |
| Stronghold | 1 | |
| War Mill | 1 | |
| Beastiary | 2 | |
| Fortress | 1 | |
| Tauren Totem | 2 | |
| Spirit Lodge | 1 | |
| Great Hall | 1 | |
| Watch Tower | 7 | |
26 total
» build order
00:06 Altar of Storms
00:18 Orc Burrow
01:04 Voodoo Lounge
02:13 Stronghold
04:10 War Mill
04:38 Beastiary
04:39 Beastiary
05:03 Orc Burrow
05:09 Orc Burrow
06:11 Fortress
07:03 Orc Burrow
16:43 Orc Burrow
16:44 Orc Burrow
18:03 Tauren Totem
18:05 Tauren Totem
20:10 Spirit Lodge
21:07 Great Hall
22:38 Watch Tower
22:41 Watch Tower
22:47 Watch Tower
22:55 Watch Tower
26:26 Watch Tower
26:27 Watch Tower
26:30 Watch Tower
26:43 Orc Burrow
26:45 Orc Burrow
» items
| Healing Salve | 5 | |
| Lesser Clarity Potion | 8 | |
| Scroll of Speed | 2 | |
| Orb of Lightning | 1 | |
| Boots of Speed | 1 | |
| Potion of Lesser Invulnerability | 2 | |
| Potion of Healing | 1 | |
| Scroll of Healing | 1 | |
21 total
team 2 (winner)
dogsandhorse.ru (
blue | 107 APM | 4176 actions | 39:06)
5 Warden
3 Shadow Strike
1 Fan of Knives
1 Blink
5 Pandaren Brewmaster
3 Breath of Fire
2 Drunken Haze
5 Goblin Tinker
3 Cluster Rockets
2 Engineering Upgrade
» actions
| Assign group hotkey | 10 | |
| Basic commands | 7 | |
| Build / train | 105 | |
| Enter build submenu | 21 | |
| Enter hero's abilities submenu | 18 | |
| Give item / drop item | 12 | |
| Right click | 2688 | |
| Select / deselect | 632 | |
| Select group hotkey | 407 | |
| Use ability | 276 | |
4176 total
» units
» upgrades
| Nature's Blessing | 1 | |
| Ultravision | 1 | |
| Corrosive Breath | 1 | |
| Druid of the Talon Training | 1 | |
| Well Spring | 1 | |
5 total
» buildings
| Altar of Elders | 1 | |
| Moon Well | 24 | |
| Tree of Life | 3 | |
| Ancient of Wonders | 1 | |
| Tree of Ages | 3 | |
| Ancient of Wind | 1 | |
| Tree of Eternity | 3 | |
| Chimaera Roost | 2 | |
| Hunter's Hall | 1 | |
39 total
» build order
00:11 Altar of Elders
00:31 Moon Well
02:40 Moon Well
05:20 Tree of Life
05:22 Tree of Life
05:57 Ancient of Wonders
06:35 Tree of Ages
06:35 Tree of Ages
06:50 Moon Well
06:53 Moon Well
09:40 Ancient of Wind
11:47 Tree of Eternity
18:15 Chimaera Roost
18:16 Chimaera Roost
18:17 Hunter's Hall
20:00 Tree of Life
30:12 Tree of Ages
30:20 Moon Well
30:21 Moon Well
30:22 Moon Well
30:23 Moon Well
30:23 Moon Well
30:35 Moon Well
30:35 Moon Well
30:36 Moon Well
30:37 Moon Well
30:38 Moon Well
30:38 Moon Well
30:39 Moon Well
30:49 Moon Well
30:50 Moon Well
30:50 Moon Well
30:52 Moon Well
30:52 Moon Well
30:53 Moon Well
30:53 Moon Well
31:20 Moon Well
34:17 Tree of Eternity
» items
| Staff of Teleportation | 3 | |
| Boots of Speed | 3 | |
| Lesser Clarity Potion | 6 | |
| Staff of Sanctuary | 2 | |
| Healing Salve | 4 | |
| Staff of Preservation | 1 | |
| Orb of Venom | 1 | |
| Orb of Lightning | 2 | |
| Potion of Lesser Invulnerability | 1 | |
| Tome of Retraining | 1 | |
| Legion Doom-Horn | 1 | |
| Khadgar's Pipe of Insight | 2 | |
| Hood of Cunning | 3 | |
| Ancient Janggo of Endurance | 1 | |
31 total
iggy_the_fisk (
green | 130 APM | 5077 actions | 39:05)
6 Archmage
3 Blizzard
3 Brilliance Aura
4 Blood Mage
2 Flame Strike
2 Siphon Mana
5 Pit Lord
3 Rain of Fire
2 Cleaving Attack
» actions
| Assign group hotkey | 744 | |
| Basic commands | 39 | |
| Build / train | 153 | |
| Enter build submenu | 121 | |
| Enter hero's abilities submenu | 15 | |
| Give item / drop item | 6 | |
| Remove unit from queue | 2 | |
| Right click | 2083 | |
| Select / deselect | 459 | |
| Select group hotkey | 1115 | |
| Use ability | 338 | |
5077 total
» units
» upgrades
| Masonry | 3 | |
| Magic Sentry | 1 | |
| Lumber Harvesting | 2 | |
6 total
» buildings
| Altar of Kings | 1 | |
| Lumber Mill | 1 | |
| Farm | 4 | |
| Scout Tower | 137 | |
| Arcane Tower | 11 | |
| Guard Tower | 70 | |
| Keep | 1 | |
| Arcane Vault | 3 | |
| Castle | 2 | |
| Arcane Sanctum | 1 | |
| Town Hall | 2 | |
233 total
» build order
00:03 Altar of Kings
00:19 Lumber Mill
00:34 Farm
00:59 Farm
01:34 Scout Tower
01:42 Scout Tower
02:01 Arcane Tower
02:02 Scout Tower
02:05 Scout Tower
02:13 Arcane Tower
02:14 Guard Tower
02:16 Scout Tower
02:31 Scout Tower
02:32 Guard Tower
02:49 Guard Tower
02:51 Scout Tower
03:26 Guard Tower
03:28 Guard Tower
03:29 Guard Tower
03:29 Guard Tower
03:31 Scout Tower
03:38 Guard Tower
03:39 Scout Tower
04:09 Keep
04:13 Guard Tower
04:15 Scout Tower
04:40 Keep
04:43 Arcane Vault
04:45 Guard Tower
04:46 Scout Tower
04:47 Scout Tower
04:49 Scout Tower
04:49 Scout Tower
04:53 Scout Tower
04:54 Scout Tower
05:20 Scout Tower
05:30 Guard Tower
05:37 Guard Tower
05:44 Scout Tower
05:48 Guard Tower
05:49 Scout Tower
06:16 Scout Tower
06:18 Guard Tower
06:20 Scout Tower
06:21 Scout Tower
06:21 Scout Tower
06:35 Scout Tower
06:37 Scout Tower
06:38 Guard Tower
06:49 Arcane Tower
06:52 Farm
07:05 Castle
07:16 Guard Tower
07:56 Guard Tower
08:30 Scout Tower
08:31 Scout Tower
08:58 Arcane Sanctum
09:05 Guard Tower
09:29 Guard Tower
09:34 Scout Tower
09:35 Scout Tower
09:59 Scout Tower
10:02 Scout Tower
10:11 Guard Tower
10:12 Guard Tower
10:25 Guard Tower
10:29 Scout Tower
10:35 Guard Tower
11:08 Guard Tower
11:09 Scout Tower
11:20 Guard Tower
11:37 Town Hall
11:44 Guard Tower
11:53 Scout Tower
11:54 Scout Tower
12:55 Scout Tower
12:56 Scout Tower
12:59 Keep
13:28 Guard Tower
13:30 Scout Tower
13:31 Scout Tower
13:36 Guard Tower
13:38 Scout Tower
13:39 Scout Tower
13:40 Scout Tower
13:47 Farm
13:52 Guard Tower
13:57 Scout Tower
14:16 Guard Tower
14:24 Scout Tower
14:25 Scout Tower
14:26 Scout Tower
14:27 Scout Tower
14:52 Scout Tower
14:52 Scout Tower
14:58 Scout Tower
14:59 Scout Tower
15:00 Scout Tower
15:12 Town Hall
15:52 Guard Tower
15:54 Scout Tower
15:56 Scout Tower
15:58 Scout Tower
16:17 Castle
16:30 Guard Tower
16:32 Scout Tower
16:33 Scout Tower
16:37 Scout Tower
16:46 Scout Tower
16:48 Guard Tower
16:58 Guard Tower
16:59 Scout Tower
17:00 Scout Tower
17:04 Guard Tower
17:04 Guard Tower
17:04 Guard Tower
17:38 Guard Tower
17:41 Guard Tower
17:43 Guard Tower
17:46 Arcane Vault
17:51 Scout Tower
17:52 Scout Tower
17:54 Guard Tower
17:56 Scout Tower
17:57 Scout Tower
17:58 Scout Tower
18:17 Scout Tower
18:18 Scout Tower
18:19 Scout Tower
18:19 Scout Tower
18:23 Guard Tower
18:25 Guard Tower
19:06 Scout Tower
19:06 Scout Tower
19:46 Guard Tower
19:47 Scout Tower
19:48 Scout Tower
20:28 Scout Tower
20:29 Scout Tower
20:30 Scout Tower
20:31 Scout Tower
20:50 Guard Tower
20:55 Scout Tower
20:56 Scout Tower
21:00 Scout Tower
21:00 Scout Tower
21:02 Scout Tower
21:04 Scout Tower
21:06 Guard Tower
21:33 Guard Tower
21:33 Guard Tower
21:56 Guard Tower
22:06 Scout Tower
22:08 Scout Tower
22:09 Guard Tower
22:12 Scout Tower
22:14 Scout Tower
22:22 Guard Tower
22:25 Scout Tower
22:26 Scout Tower
22:29 Scout Tower
22:31 Scout Tower
23:12 Guard Tower
23:19 Scout Tower
23:20 Scout Tower
23:21 Scout Tower
23:22 Scout Tower
23:22 Scout Tower
23:23 Scout Tower
23:23 Scout Tower
23:33 Guard Tower
23:34 Scout Tower
23:35 Scout Tower
24:12 Arcane Tower
24:50 Guard Tower
24:52 Scout Tower
24:52 Scout Tower
24:55 Arcane Tower
25:29 Guard Tower
25:31 Arcane Tower
25:34 Scout Tower
25:37 Arcane Vault
25:41 Guard Tower
25:43 Arcane Tower
25:46 Scout Tower
25:46 Scout Tower
25:47 Scout Tower
25:48 Scout Tower
26:08 Arcane Tower
26:16 Guard Tower
26:18 Scout Tower
26:20 Scout Tower
26:20 Scout Tower
26:26 Arcane Tower
27:30 Arcane Tower
27:48 Guard Tower
28:33 Guard Tower
29:38 Scout Tower
29:39 Scout Tower
29:40 Scout Tower
29:44 Scout Tower
29:44 Scout Tower
29:46 Guard Tower
30:17 Guard Tower
30:38 Arcane Tower
30:42 Guard Tower
30:43 Scout Tower
30:53 Scout Tower
30:54 Scout Tower
30:56 Scout Tower
30:57 Scout Tower
30:58 Scout Tower
31:00 Scout Tower
31:00 Scout Tower
31:56 Guard Tower
31:58 Scout Tower
33:42 Scout Tower
33:43 Scout Tower
33:43 Scout Tower
33:45 Guard Tower
33:50 Scout Tower
33:51 Scout Tower
33:52 Scout Tower
33:52 Scout Tower
34:15 Scout Tower
34:16 Guard Tower
36:22 Guard Tower
37:01 Guard Tower
37:06 Scout Tower
37:07 Scout Tower
38:07 Guard Tower
» items
| Boots of Speed | 3 | |
| Staff of Teleportation | 3 | |
| Healing Salve | 4 | |
| Orb of Lightning | 3 | |
| Staff of Sanctuary | 2 | |
| Legion Doom-Horn | 1 | |
| Cloak of Flames | 1 | |
| Scroll of Town Portal | 1 | |
18 total
timg4strok (
red | 109 APM | 4280 actions | 39:05)
6 Blademaster
3 Wind Walk
3 Critical Strike
6 Shadow Hunter
3 Hex
3 Healing Wave
» actions
| Assign group hotkey | 12 | |
| Basic commands | 50 | |
| Build / train | 75 | |
| Enter build submenu | 54 | |
| Enter hero's abilities submenu | 13 | |
| Give item / drop item | 15 | |
| Right click | 2196 | |
| Select / deselect | 231 | |
| Select group hotkey | 1375 | |
| Use ability | 258 | |
4280 total
» units
» upgrades
| Spiked Barricades | 1 | |
| Reinforced Defenses | 1 | |
| Liquid Fire | 1 | |
| Ranged Weapons | 2 | |
| Armor | 2 | |
7 total
» buildings
| Altar of Storms | 2 | |
| Orc Burrow | 4 | |
| War Mill | 1 | |
| Watch Tower | 43 | |
| Voodoo Lounge | 5 | |
| Stronghold | 1 | |
| Beastiary | 2 | |
| Great Hall | 1 | |
| Fortress | 4 | |
63 total
» build order
00:02 Altar of Storms
00:03 Altar of Storms
00:14 Orc Burrow
00:23 War Mill
01:37 Watch Tower
01:52 Voodoo Lounge
02:09 Watch Tower
02:23 Watch Tower
02:44 Stronghold
03:18 Watch Tower
04:00 Voodoo Lounge
04:06 Voodoo Lounge
04:17 Orc Burrow
05:21 Beastiary
05:25 Beastiary
05:29 Watch Tower
05:30 Watch Tower
05:33 Watch Tower
05:36 Watch Tower
06:07 Voodoo Lounge
06:19 Watch Tower
06:27 Voodoo Lounge
07:17 Watch Tower
07:28 Watch Tower
09:14 Watch Tower
09:15 Watch Tower
09:57 Orc Burrow
10:05 Great Hall
10:11 Watch Tower
10:12 Watch Tower
10:13 Watch Tower
10:13 Watch Tower
10:14 Watch Tower
10:16 Watch Tower
10:17 Watch Tower
10:27 Orc Burrow
10:30 Fortress
10:31 Fortress
11:36 Watch Tower
11:37 Watch Tower
11:38 Watch Tower
11:38 Watch Tower
14:48 Watch Tower
14:49 Watch Tower
18:43 Watch Tower
18:44 Watch Tower
18:46 Watch Tower
18:46 Watch Tower
18:49 Watch Tower
18:50 Watch Tower
18:54 Watch Tower
18:55 Watch Tower
18:55 Watch Tower
18:57 Watch Tower
18:57 Watch Tower
22:25 Watch Tower
22:26 Watch Tower
22:26 Watch Tower
22:27 Watch Tower
22:30 Watch Tower
22:32 Watch Tower
» items
| Staff of Teleportation | 1 | |
| Boots of Speed | 3 | |
| Healing Salve | 4 | |
| Lesser Clarity Potion | 4 | |
| Dust of Appearance | 1 | |
| Orb of Lightning | 2 | |
| Helm of Valor | 2 | |
| Claws of Attack +12 | 1 | |
18 total
Chat log
(11:13 / All) Psycho_O: ;(
(11:32 / All) Psycho_O: WOW
(12:27 / All) dogsandhorse.ru: wow
(12:28 / All) dogsandhorse.ru: wow
(12:28 / All) dogsandhorse.ru: wow
(12:29 / All) dogsandhorse.ru: wow
(17:45 / All) dogsandhorse.ru: lol
(27:11 / All) dogsandhorse.ru: lmao
(28:21 / All) dogsandhorse.ru: my eyes
(29:13 / All) dogsandhorse.ru: come on
(29:14 / All) dogsandhorse.ru: no units
(29:16 / All) dogsandhorse.ru: please kill me
(33:42 / All) dogsandhorse.ru: hehe
(36:01 / All) dogsandhorse.ru: where you guys from?
(38:25 / All) Psycho_O: gg
(38:30 / All) dogsandhorse.ru: V________________V
(38:35 / All) iggy_the_fisk: amazing game boys
(38:39 / All) dogsandhorse.ru: like a dream...
(38:48 / All) Psycho_O: suck me
(38:54 / All) timg4strok: ok
(38:54 / All) dogsandhorse.ru: weird syntax
(38:55 / All) dogsandhorse.ru: but
(38:55 / All) dogsandhorse.ru: yes